 Dungeon Crawl Stone Soup version 0.31-a0-881-ge136f0c47a (webtiles) character file.

Game seed: 4548759688005822453

49798 greenreed the Nimble (level 14, 0/89 HPs)
             Began as a Djinni Air Elementalist on Oct 15, 2023.
             Was an Elder of Makhleb.
             Killed from afar by an ice dragon (19 damage)
             ... with a blast of cold
             ... in an ice cave.
             The game lasted 01:13:09 (12354 turns).

greenreed the Nimble (Djinni Air Elementalist)     Turns: 12354, Time: 01:13:10

Health: 0/89       AC: 13    Str:  7    XL:     14   Next: 94%
Gold:   1083       EV: 24    Int: 21    God:    Makhleb [****..] SH:  0 Dex: 18

rFire   + + .        E - staff of conjuration
rCold   x . .        (no shield)
rNeg    . . .        Y - +0 troll leather armour
rPois   ∞            (no helmet)
rElec   .            P - +1 cloak {Will+}
rCorr   .            J - +2 pair of gloves {Dex+3}
SInv    .            (boots unavailable)
Will    ++...        h - amulet of regeneration
Stlth   +++          Q - +5 ring of evasion
HPRegen 1.94/turn    R - +4 ring of protection
MPRegen 0.00/turn

%: infuse magic (-1 HP)
@: flying
A: sickness immunity, fire resistance 2, cold vulnerability 1, float, innate
caster, HP casting, extra vitality 1
a: Renounce Religion, Minor Destruction, Lesser Servant of Makhleb, Major
Destruction


You were in an ice cave.
You worshipped Makhleb.
Makhleb was greatly pleased with you.
You visited 2 branches of the dungeon, and saw 16 of its levels.
You also visited: Sewer and Ice Cave.

You collected 1083 gold pieces.

Inventory:

Armour
 H - a scarf of repulsion
 J - a +2 pair of gloves of dexterity (worn)
 M - a +1 robe of positive energy
 P - a +1 cloak of willpower (worn)
 Y - a +0 troll leather armour (worn)
 Z - a +1 kite shield of reflection
Magical Staves
 A - a staff of cold
 E - a staff of conjuration (weapon)
Jewellery
 h - an amulet of regeneration (around neck)
 D - an amulet of the acrobat
 G - an amulet of reflection
 K - a ring of fire
 Q - a +5 ring of evasion (left hand)
 R - a +4 ring of protection (right hand)
 U - a ring of wizardry
Wands
 l - a wand of iceblast (5)
 N - a wand of paralysis (5)
 O - a wand of flame (5)
 S - a wand of polymorph (3)
 V - a wand of quicksilver (6)
 W - a wand of mindburst (5)
Scrolls
 a - 5 scrolls of fear
 d - 2 scrolls of enchant armour
 f - 5 scrolls of teleportation
 g - 3 scrolls of vulnerability
 n - 3 scrolls of poison
 p - 2 scrolls of immolation
 q - a scroll of summoning {unknown}
 t - a scroll of revelation {unknown}
 u - 2 scrolls of blinking
 y - 2 scrolls of fog {unknown}
 z - 2 scrolls of enchant weapon
 F - 4 scrolls of noise {unknown}
 I - a scroll of brand weapon
 L - a scroll of amnesia {unknown}
Potions
 b - a potion of berserk rage {unknown}
 c - a potion of resistance {unknown}
 e - 2 potions of brilliance
 j - 2 potions of cancellation {unknown}
 k - 5 potions of curing
 m - a potion of degeneration {unknown}
 o - 4 potions of enlightenment
 r - a potion of mutation {unknown}
 s - 4 potions of invisibility
 v - 3 potions of lignification {unknown}
 w - 3 potions of might {unknown}
 x - 2 potions of attraction {unknown}
 B - 5 potions of haste {unknown}
 C - 2 potions of magic {unknown}
 X - a potion of ambrosia {unknown}
Miscellaneous
 T - a lightning rod (4/4)


   Skills:
 + Level 4.1 Fighting
 - Level 4.4 Armour
 + Level 13.5 Dodging
 - Level 3.8 Stealth
 + Level 4.1 Shields
 * Level 13.1 Spellcasting
 * Level 13.1 Conjurations
 * Level 13.1 Hexes
   Level 0.0 Charms
 * Level 13.1 Summonings
 * Level 13.1 Necromancy
 * Level 13.1 Translocations
 * Level 13.1 Transmutations
 * Level 13.1 Fire Magic
 * Level 13.1 Ice Magic
 * Level 13.1 Air Magic
 * Level 13.1 Earth Magic
 * Level 13.1 Poison Magic
 + Level 7.5 Invocations
 - Level 8.0 Evocations


You knew the following spells:

 Your Spells              Type           Power      Damage    Failure   Level
a - Shock                 Conj/Air       100%       1d9       1%          1
b - Static Discharge      Conj/Air       100%       2-7/arc   1%          2
c - Swiftness             Air            62%        N/A       1%          3
d - Airstrike             Air            31%        2d(5-21)  1%          4
e - Slow                  Hex            100%       N/A       1%          1
f - Lesser Beckoning      Tloc           100%       N/A       1%          2
g - Mephitic Cloud        Conj/Pois/Air  81%        N/A       1%          3
h - Confusing Touch       Hex            62%        N/A       1%          3
i - Dispel Undead         Necr           62%        3d22      1%          4
j - Silence               Hex/Air        31%        N/A       1%          5
Your spell library was empty.

Dungeon Overview and Level Annotations

Branches:
Dungeon (15/15)            Temple (1/1) D:6            Lair (0/5) D:8
    Orc (0/2) D:12          Sewer (visited)           IceCv (1/1)
 Vaults: D:13-14     Depths: D:15

Altars:
Ashenzari
Cheibriados
Dithmenos
Elyvilon
Fedhas
Gozag
Hepliaklqana
Makhleb
Nemelex Xobeh
Okawaru
Qazlal
Ru
Trog
Uskayaw
Wu Jian
Xom
Yredelemnul
Zin
The Shining One

Shops:
D:9 *

Annotations:
D:13 3 runed translucent doors, Droidtality99's ghost, journeyman HOFi; Frances


Innate Abilities, Weirdness & Mutations

You are immune to sickness and miasma.
You are immune to poison.
Your flesh is very heat resistant. (rF++)
You are vulnerable to cold. (rC-)
You float through the air rather than walking.
You learn spells naturally, not from books.
Your magical power is your life essence.
You have superior vitality. (+4 MHP)


Message History

Press: ? - help, Shift-Dir - straight line You feel a surge of power!
The ball explodes into a vile cloud!
The stinking cloud engulfs the frost giant but does no damage.
The frost giant is lightly wounded.
The stinking cloud engulfs your smoke demon but does no damage.
* * * LOW HITPOINT WARNING * * *
Something bites your smoke demon. Something claws your smoke demon!
Something tramples your smoke demon.
Your smoke demon is shoved backwards!
The frost giant is engulfed in noxious fumes.
The frost giant appears confused.
Your smoke demon hits the frost giant but does no damage. x3
Unknown command.
Unknown command.
Casting: Mephitic Cloud (safe; 1% risk of failure)
Confirm with . or Enter, or press ? or * to list all spells.
Okay, then.
Aiming: Major Destruction (8% risk of failure)
Press: ? - help, Shift-Dir - straight line, f - frost giant
Aim: a frost giant, wielding a +1 battleaxe of freezing (noxious fumes, water, lightly wounded, confused, ally target)
The bolt of fire hits the ice dragon!!
The ice dragon is burned terribly!
The ice dragon is severely wounded.
The bolt of fire hits the frost giant!!
The frost giant is moderately wounded.
The ice dragon is engulfed in a cloud of scalding steam.
The frost giant is engulfed in noxious fumes.
The frost giant closely misses your smoke demon.
Your smoke demon hits the frost giant.
Your smoke demon hits the frost giant but does no damage. x2
Aiming: Major Destruction (8% risk of failure)
Press: ? - help, Shift-Dir - straight line, f/p - frost giant
Aim: a frost giant, wielding a +1 battleaxe of freezing (noxious fumes, water, moderately wounded, confused, ally target)
The bolt of negative energy hits the ice dragon!!
The ice dragon is drained!
The ice dragon is almost dead.
The bolt of negative energy hits the frost giant!!
The frost giant is drained!
The frost giant is heavily wounded.
The ice dragon breathes frost at you. The blast of cold hits you!!
You feel a terrible chill!
You die...

### ##..##
#.4## #.##
##..## #.##
...######..#
#..##
....#...#..#
##..##
.....##...##
##..#
.......####
#.#.#
####..##
##..## ####
#..## ##@##
#.#D###
##4§3☼###
##C☼§≈≈#
#≈≈§####
#≈≈§.#
#####.......
†..###. ..##


You could see a frost giant (confused, drained, ally target), an ice dragon
(catching breath, drained) and a friendly smoke demon (summoned).

Vanquished Creatures
  Kirke (D:13)
  Nessos (D:13)
  Josephine (D:14)
  5 hydras
  Erolcha (D:13)
  2 ironbound frosthearts (IceCv)
  An ice dragon (IceCv)
  2 boulder beetles
  A centaur warrior (D:13)
  4 two-headed ogres
  A tengu warrior (D:13)
  6 death yaks (D:11)
  Urug (D:11)
  The ghost of perezv8180 the Mimic, a novice TrSh of Okawaru (D:7)
  The ghost of SirDiesAlot the Stinger, a novice OpVM of Gozag (D:9)
  A wizard (D:15)
  9 ugly things
  A manticore (D:13)
  5 cyclopes
  Maurice (D:9)
  An ice statue (D:15)
  A gargoyle (D:12)
  5 rime drakes (IceCv)
  Maggie (D:6)
  4 komodo dragons
  5 kobold demonologists
  6 meliai
  A troll (D:13)
  4 polar bears (IceCv)
  5 dream sheep (D:11)
  A centaur simulacrum (D:14)
  Sigmund (D:3)
  28 yaks
  A wyvern (D:9)
  2 shadows (D:10)
  3 humans (D:11)
  10 wraiths
  6 vampire mosquitoes (D:12)
  A steam dragon (D:8)
  2 acid dragons
  8 orc warriors
  A sky beast (D:6)
  3 ice beasts
  4 boggarts (D:14)
  3 ogres
  An elephant zombie (D:7)
  6 centaurs
  A phantom (D:4)
  5 kobold brigands
  2 elf zombies (D:7)
  3 scorpions
  2 gnoll sergeants (D:10)
  11 wights
  9 killer bees (D:9)
  2 howler monkeys
  3 jellies
  9 orc priests
  A gnoll bouda (D:6)
  A sleepcap (D:7)
  Crazy Yiuf (D:3)
  A human zombie (D:7)
  Jessica (D:3)
  5 iguanas
  15 orc wizards
  2 scorpion zombies (D:7)
  A killer bee zombie (D:7)
  An ogre zombie (D:7)
  3 hound zombies (D:7)
  3 howler monkey zombies (D:7)
  14 gnolls
  A river rat (Sewer)
  4 adders
  2 shadow imps (D:6)
  2 ufetubi (D:6)
  An adder zombie (D:7)
  3 worms
  3 dart slugs
  42 orcs
  13 ball pythons
  9 endoplasms
  5 goblins
  6 hobgoblins
  2 jackals (D:2)
  3 quokkas (D:1)
  3 bats
  2 frilled lizards
  23 kobolds
  12 rats
392 creatures vanquished.

Vanquished Creatures (collateral kills)
  A frost giant (IceCv)
  A white draconian (IceCv)
  A centaur warrior (D:13)
  An ice dragon (IceCv)
  A two-headed ogre (D:12)
  An ironbound frostheart (IceCv)
  A rime drake (IceCv)
  A troll (D:13)
  A polar bear (IceCv)
  A killer bee (D:9)
10 creatures vanquished.

Vanquished Creatures (others)
  3 humans (D:13)
3 creatures vanquished.

Grand Total: 405 creatures vanquished

Notes
Turn   | Place    | Note
-------+----------+-------------------------------------------
     0 | D:1      | greenreed the Djinni Air Elementalist began the quest for
                  | the Orb.
     0 | D:1      | greenreed set off with the following spells memorised:
                  | Shock, Static Discharge, Swiftness, Airstrike.
     0 | D:1      | Reached XP level 1. HP: 15/15 MP: 0/0
    83 | D:1      | Reached XP level 2. HP: 18/21 MP: 0/0
   278 | D:1      | Reached XP level 3. HP: 21/25 MP: 0/0
   278 | D:1      | Learned a level 1 spell: Slow
   999 | D:2      | Reached XP level 4. HP: 31/31 MP: 0/0
  1321 | D:3      | Noticed Sigmund
  1328 | D:3      | Killed Sigmund
  1329 | D:3      | Reached XP level 5. HP: 9/35 MP: 0/0
  1329 | D:3      | Learned a level 2 spell: Lesser Beckoning
  1329 | D:3      | Reached XP level 6. HP: 11/40 MP: 0/0
  1371 | D:3      | Noticed Jessica
  1374 | D:3      | Killed Jessica
  1559 | D:3      | Found a runed translucent door.
  1560 | D:3      | Noticed Crazy Yiuf
  1942 | D:3      | Killed Crazy Yiuf
  2128 | D:4      | Found a glowing drain.
  2146 | Sewer    | Entered a sewer
  2234 | Sewer    | Reached XP level 7. HP: 45/45 MP: 0/0
  2234 | Sewer    | Learned a level 3 spell: Mephitic Cloud
  2399 | Sewer    | Reached skill level 5 in Spellcasting
  2399 | Sewer    | Reached skill level 5 in Conjurations
  2399 | Sewer    | Reached skill level 5 in Hexes
  2399 | Sewer    | Reached skill level 5 in Summonings
  2399 | Sewer    | Reached skill level 5 in Necromancy
  2399 | Sewer    | Reached skill level 5 in Translocations
  2399 | Sewer    | Reached skill level 5 in Transmutations
  2399 | Sewer    | Reached skill level 5 in Fire Magic
  2399 | Sewer    | Reached skill level 5 in Ice Magic
  2399 | Sewer    | Reached skill level 5 in Air Magic
  2399 | Sewer    | Reached skill level 5 in Earth Magic
  2399 | Sewer    | Reached skill level 5 in Poison Magic
  2563 | D:3      | Reached XP level 8. HP: 8/50 MP: 0/0
  2690 | D:4      | Reached skill level 5 in Dodging
  2910 | D:4      | Reached skill level 1 in Armour
  3040 | D:5      | Entered Level 5 of the Dungeon
  3555 | D:6      | Noticed Maggie
  3682 | D:6      | Found a staircase to the Ecumenical Temple.
  3699 | Temple   | Entered the Ecumenical Temple
  3716 | Temple   | Became a worshipper of Makhleb the Destroyer
  3791 | D:6      | Killed Maggie
  3792 | D:6      | Reached XP level 9. HP: 46/55 MP: 0/0
  3792 | D:6      | Learned a level 3 spell: Confusing Touch
  3889 | D:6      | Reached skill level 1 in Evocations
  3980 | D:6      | Reached * piety under Makhleb
  4397 | D:7      | Reached XP level 10. HP: 54/60 MP: 0/0
  4639 | D:7      | Reached ** piety under Makhleb
  5281 | D:7      | Found a runed translucent gate.
  5281 | D:7      | Found a runed translucent gate.
  5281 | D:7      | Found a runed translucent gate.
  5282 | D:7      | Noticed perezv8180's ghost (novice TrSh)
  5519 | D:7      | Killed perezv8180's ghost
  5817 | D:8      | Noticed a kobold demonologist
  5821 | D:8      | Killed a kobold demonologist
  5822 | D:8      | Reached skill level 5 in Evocations
  6004 | D:8      | Found a staircase to the Lair.
  6118 | D:8      | Reached XP level 11. HP: 65/65 MP: 0/0
  6118 | D:8      | Learned a level 4 spell: Dispel Undead
  6248 | D:9      | Found Tuqiynn's Assorted Antiques.
  6253 | D:9      | You are sucked into a shaft and drop 3 floors!
  6261 | D:12     | Noticed a cyclops
  6416 | D:11     | Noticed a two-headed ogre
  6640 | D:10     | Entered Level 10 of the Dungeon
  6688 | D:9      | Reached *** piety under Makhleb
  6751 | D:9      | Found a sparkling altar of Nemelex Xobeh.
  6753 | D:9      | Found a sacrificial altar of Ru.
  6753 | D:9      | Found a broken altar of Ashenzari.
  6776 | D:9      | Noticed Maurice
  7055 | D:9      | Found a shimmering altar of Xom.
  7056 | D:9      | Found a hazy altar of Hepliaklqana.
  7209 | D:9      | Killed Maurice
  7314 | D:9      | Found a runed translucent door.
  7315 | D:9      | Noticed SirDiesAlot's ghost (novice OpVM)
  7404 | D:9      | Killed SirDiesAlot's ghost
  7405 | D:9      | Reached skill level 10 in Dodging
  7527 | D:10     | Reached skill level 10 in Spellcasting
  7527 | D:10     | Reached skill level 10 in Conjurations
  7527 | D:10     | Reached skill level 10 in Hexes
  7527 | D:10     | Reached skill level 10 in Summonings
  7527 | D:10     | Reached skill level 10 in Necromancy
  7527 | D:10     | Reached skill level 10 in Translocations
  7527 | D:10     | Reached skill level 10 in Transmutations
  7527 | D:10     | Reached skill level 10 in Fire Magic
  7527 | D:10     | Reached skill level 10 in Ice Magic
  7527 | D:10     | Reached skill level 10 in Air Magic
  7527 | D:10     | Reached skill level 10 in Earth Magic
  7527 | D:10     | Reached skill level 10 in Poison Magic
  7778 | D:10     | Reached **** piety under Makhleb
  7975 | D:10     | Reached XP level 12. HP: 43/70 MP: 0/0
  8479 | D:11     | Noticed a two-headed ogre
  8692 | D:11     | Killed a two-headed ogre
  8733 | D:11     | Killed a two-headed ogre
  8999 | D:11     | Noticed a death yak
  9039 | D:11     | Killed a death yak
  9040 | D:11     | Reached skill level 1 in Invocations
  9083 | D:11     | Noticed a death yak
  9085 | D:11     | Noticed Urug
  9091 | D:11     | Noticed a death yak
  9101 | D:11     | Killed Urug
  9102 | D:11     | Noticed a death yak
  9109 | D:11     | Noticed a death yak
  9313 | D:11     | Noticed a death yak
  9344 | D:11     | Killed a death yak
  9349 | D:11     | Killed a death yak
  9374 | D:11     | Reached XP level 13. HP: 62/75 MP: 0/0
  9374 | D:11     | Learned a level 5 spell: Silence
  9931 | D:12     | Reached ***** piety under Makhleb
  9947 | D:12     | Reached skill level 5 in Invocations
 10206 | D:12     | Found a staircase to the Orcish Mines.
 10355 | D:13     | Noticed Erolcha
 10360 | D:13     | Killed Erolcha
 10439 | D:13     | Noticed Kirke
 10445 | D:13     | Killed Kirke
 10454 | D:13     | Noticed a five-headed hydra
 10457 | D:13     | Killed a five-headed hydra
 10469 | D:13     | Noticed Frances
 10619 | D:13     | Noticed an eight-headed hydra
 10626 | D:13     | Killed an eight-headed hydra
 10626 | D:13     | Noticed Nessos
 10789 | D:13     | Found a runed translucent gate.
 10789 | D:13     | Found a runed translucent gate.
 10789 | D:13     | Found a runed translucent gate.
 10890 | D:13     | Killed Nessos
 10891 | D:13     | Reached XP level 14. HP: 80/80 MP: 0/0
 10984 | D:13     | Noticed Droidtality99's ghost (journeyman HOFi)
 11063 | D:13     | Reached skill level 1 in Fighting
 11063 | D:13     | Reached skill level 1 in Shields
 11394 | D:14     | Noticed Josephine
 11569 | D:14     | Killed Josephine
 11986 | D:14     | Identified the +3 mace of Uskayaw, Mashing {holy, *Rage Fly
                  | rCorr Stlth+}
 11998 | D:15     | Entered Level 15 of the Dungeon
 12007 | D:15     | Found a frozen archway.
 12032 | IceCv    | Entered an ice cave
 12156 | IceCv    | Noticed a white draconian
 12244 | IceCv    | Killed a white draconian
 12323 | IceCv    | Noticed a frost giant
 12323 | IceCv    | Noticed a frost giant
 12349 | IceCv    | Killed a frost giant
 12354 | IceCv    | Killed from afar by an ice dragon

Illustrated notes

Levels and vault maps discovered:
D:1:      erik_arrival_triangle_medium, layout_loops_ring, glass_columns_a,
          chequers_serial_rivers_marsh
D:2:      layout_rooms
D:3:      layout_loops_ring, uniq_crazy_yiuf_cottage, uniq_sigmund, uniq_jessica
D:4:      layout_basic, chequers_temple_overflow_statue_of_worship,
          cheibrodos_sewer_entry_sluice
D:5:      layout_cave_pools, kennysheep_cluttered_room
D:6:      layout_rooms, minmay_temple_entry_offerings, uniq_maggie
D:7:      layout_loops_corners, biasface_ghost_orc_armoury, grunt_ministairs_1,
          roadster_capsule_ark_zombie
D:8:      layout_basic, lair_entry_dummy
D:9:      layout_rooms, regret_index_temple_of_mockery,
          mainiacjoe_overflow_alcove_3, gammafunk_ghost_grave, serial_shops,
          nicolae_shop_crystal, uniq_maurice
D:10:     layout_loops_corners, dk_noncrumbling_2
D:11:     slaughterhouse, layout_loops_corners, uniq_urug
D:12:     layout_long_grid, david_orc_4
D:13:     layout_irregular_city, hellmonk_vaults_keyhole, gammafunk_ghost_icy,
          uniq_nessos, uniq_kirke, uniq_frances, uniq_erolcha
D:14:     layout_big_octagon, hangedman_decor_slide_cut, uniq_josephine
D:15:     gammafunk_depths_entry_grave, layout_small_grid,
          nicolae_cairo_tiling_large, portal_ice_cave_entry_ice_statue_one,
          chequers_big_river, serial_bayou_pond_d,
          nicolae_transporter_intersection
Temple:   eino_temple_water
IceCv:    ice_cave_small_giant

Skill      XL: |  1  2  3  4  5  6  7  8  9 10 11 12 13 14 |
---------------+-------------------------------------------+-----
Spellcasting   | 4 5 6 7 8 10 11 12 13 | 13.1
Conjurations   | 4 5 6 7 8 10 11 12 13 | 13.1
Hexes          | 4 5 6 7 8 10 11 12 13 | 13.1
Summonings     | 4 5 6 7 8 10 11 12 13 | 13.1
Necromancy     | 4 5 6 7 8 10 11 12 13 | 13.1
Translocations | 4 5 6 7 8 10 11 12 13 | 13.1
Transmutations | 4 5 6 7 8 10 11 12 13 | 13.1
Fire Magic     | 4 5 6 7 8 10 11 12 13 | 13.1
Ice Magic      | 4 5 6 7 8 10 11 12 13 | 13.1
Air Magic      | 4 5 6 7 8 10 11 12 13 | 13.1
Earth Magic    | 4 5 6 7 8 10 11 12 13 | 13.1
Poison Magic   | 4 5 6 7 8 10 11 12 13 | 13.1
Stealth        | 2 3 |  3.8
Dodging        | 3 4 6 7 8 10 11 12 13 | 13.5
Armour         | 3 4 |  4.4
Evocations     | 2 5 7 8 |  8.0
Invocations    | 2 6 7 |  7.5
Fighting       | 4 |  4.1
Shields        | 4 |  4.1

Action                     |  1- 3 |  4- 6 |  7- 9 | 10-12 | 13-15 || total
---------------------------+-------+-------+-------+-------+-------++-------
  Melee: Dagger            |       |       |     3 |       |       ||     3
         Staff             |       |       |     3 |    18 |    16 ||    37
   Cast: Shock             |    85 |    70 |   222 |   358 |   153 ||   888
         Static Discharge  |       |     8 |     7 |    20 |     6 ||    41
         Slow              |       |     3 |       |     7 |     3 ||    13
         Mephitic Cloud    |       |       |    14 |    37 |    54 ||   105
         Swiftness         |       |       |     1 |     2 |     3 ||     6
         Airstrike         |       |       |    15 |    93 |   159 ||   267
         Confusing Touch   |       |       |       |     1 |       ||     1
         Dispel Undead     |       |       |       |     9 |    16 ||    25
         Lesser Beckoning  |       |       |       |       |     1 ||     1
 Invoke: Minor Destruction |       |       |       |     1 |     8 ||     9
         Lesser Servant of |       |       |       |       |    10 ||    10
         Major Destruction |       |       |       |       |     8 ||     8
         Greater Servant o |       |       |       |       |     1 ||     1
  Evoke: Wand              |       |       |       |     2 |       ||     2
    Use: Scroll            |       |       |       |     9 |     6 ||    15
         Potion            |       |       |       |       |     5 ||     5
   Stab: Confused          |       |       |       |     3 |     2 ||     5
 Armour: Robe              |       |     7 |    24 |       |       ||    31
         Steam dragon scal |       |       |    22 |   129 |    28 ||   179
         Troll leather arm |       |       |       |       |    44 ||    44
  Dodge: Dodged            |     1 |     2 |    69 |   151 |   137 ||   360

Table legend: (Time is in decaauts)
 A = Elapsed time spent in this place.
 B = Non-inter-level travel time spent in this place.
 C = Inter-level travel time spent in this place.
 D = Time resting spent in this place.
 E = Time spent auto-exploring this place.
 F = Levels seen in this place.
 G = Mean time per level.
                   A        B        C        D        E       F      G
               +--------+--------+--------+--------+--------+-----+--------+
         Total |  12387 |  11757 |    630 |    469 |   8293 |  18 |  688.2 |
       Dungeon |  11744 |  11146 |    598 |    390 |   8062 |  15 |  782.9 |
        Temple |     34 |      2 |     32 |      0 |      0 |   1 |   34.0 |
         Sewer |    285 |    285 |      0 |      0 |    175 |   1 |  285.0 |
      Ice Cave |    322 |    322 |      0 |     79 |     56 |   1 |  322.0 |
               +--------+--------+--------+--------+--------+-----+--------+

Top non-repeatable levels by time:
    D:11: 1372 daAuts
     D:7: 1369 daAuts
    D:10: 1057 daAuts
    D:12: 990 daAuts
     D:3: 917 daAuts
    D:13: 829 daAuts
     D:9: 811 daAuts
    D:14: 715 daAuts
     D:1: 701 daAuts
     D:4: 644 daAuts
     D:6: 623 daAuts
     D:8: 605 daAuts
     D:5: 583 daAuts
     D:2: 488 daAuts
   IceCv: 322 daAuts
